 Dungeon Sprint DCSS version 0.24.0-125-gc4c63601f3 (webtiles) character file.

Game seed: 6217234135138086724, levelgen mode: deterministic

4500000 Ponchio the Conqueror (level 26, -23/193 HPs)
             Began as a Gargoyle Monk on Mar 4, 2020.
             Annihilated by The Servant
             ... wielding a +9 glaive of flaming
              (123 damage)
             ... in the Dungeon (Sprint VIII: "Arena of Blood").
             The game lasted 00:05:31 (45 turns).

Ponchio the Conqueror (Gargoyle Monk)                 Turns: 45, Time: 00:05:32

Health: -23/193    AC: 24    Str: 17    XL:     26   Next: 32%
Magic:  25/54      EV: 35    Int: 14    God:
Gold:   0          SH:  0    Dex: 19    Spells: 79/79 levels left

rFire    . . .     SeeInvis .   j - +∞ Axe of Woe
rCold    . . .     Gourm    .   (shield currently unavailable)
rNeg     + . .     Faith    .   b - +0 robe
rPois    ∞         Spirit   .   (no helmet)
rElec    +         Reflect  .   (no cloak)
rCorr    .         Harm     .   (no gloves)
MR       +....     NoTele   +   (no boots)
Stlth    +++++++++.             (no amulet)
HPRegen  0.42/turn              (no ring)
MPRegen  0.34/turn              (no ring)

@: no status effects
A: big wings, negative energy resistance 1, electricity resistance, unbreathing,
petrification resistance, rot immunity, AC +20
a: Fly


You were in the Dungeon.
You were not hungry.

You visited 1 branch

Inventory:

Hand Weapons
 a - a +0 mace
 j - the +∞ Axe of Woe (weapon)
   (You found it in the Dungeon)
Armour
 b - a +0 robe (worn)
Scrolls
 i - a scroll of blinking
Potions
 d - a potion of curing
 e - a potion of heal wounds
 f - a potion of haste
 g - 2 potions of magic
 h - a potion of berserk rage
Comestibles
 c - a ration


   Skills:
 O Level 27 Fighting
 O Level 27 Axes
 O Level 27 Maces & Flails
 O Level 27 Throwing
 O Level 27 Armour
 O Level 27 Dodging
 O Level 27 Stealth
 O Level 27 Unarmed Combat
 O Level 27 Spellcasting


You had 79 spell levels left.
You didn't know any spells.
Your spell library was empty.

Dungeon Overview and Level Annotations

Branches:
Dungeon (1/1)

Altars:
Makhleb

Annotations:
D The Servant


Innate Abilities, Weirdness & Mutations

You are resistant to torment.
Your stone body is resilient. (AC +20)
You are immune to poison.
Your large and strong wings let you fly indefinitely.
You resist negative energy. (rN+)
You are resistant to electric shocks. (rElec)
You can survive without breathing.
You are immune to petrification.
You are immune to rotting.


Message History

The destroyer blinks!
The Servant hits you but does no damage.
You hear a shout! x5
You slash the destroyer!
You dissect the destroyer like a pig carcass.
You destroy the destroyer!
You slice the destroyer!!
You butcher the destroyer messily.
You destroy the destroyer!
You slash the meat berserker!
You slaughter the meat berserker joyfully.
You kill the meat berserker!
You have reached level 26!
You hear a shout! x5
You hit the meat berserker but do no damage.
You butcher the meat berserker messily.
You kill the meat berserker!
You hear a shout! x3
The Servant hits you from afar with a +9 glaive of flaming!!!!
Ouch! That really hurt!
You die...

.. .. #. .# #..
..# .###..
..###.
......###......
..V.._.....
#.)))§# #_)@)_#
#§)))@#
....._.....
..z...###......
.###.. ..###.
#.. ..# #. .#
.. ..


You could see The Servant, a destroyer and a sculptor of flesh.

Vanquished Creatures
  7 vampire knights (D)
  9 ogres (D)
  A hydra (D)
  20 orcs (D)
  2 skeletal warriors (D)
  4 large abominations (D)
  3 crawling corpses (D)
46 creatures vanquished.

Notes
Turn   | Place    | Note
-------+----------+-------------------------------------------
     0 | D        | Found the +∞ Axe of Woe
     0 | D        | Ponchio the Gargoyle Monk began the quest for the Orb.
     0 | D        | Reached XP level 1. HP: 14/14 MP: 1/1
     2 | D        | Noticed a bag of meat
     2 | D        | Noticed a bag of meat
     2 | D        | Noticed a bag of meat
     3 | D        | Noticed a bag of meat
     4 | D        | Noticed a bag of meat
     5 | D        | Noticed a bag of meat
     5 | D        | Noticed a bag of meat
     6 | D        | Noticed a meat berserker
     6 | D        | Noticed a meat berserker
     8 | D        | Killed a bag of meat
     8 | D        | Reached skill level 15 in Axes
     8 | D        | Reached XP level 2. HP: 38/38 MP: 2/2
     8 | D        | Reached XP level 3. HP: 43/43 MP: 3/3
     8 | D        | Reached XP level 4. HP: 49/49 MP: 4/4
     8 | D        | Reached XP level 5. HP: 54/54 MP: 5/5
     8 | D        | Reached XP level 6. HP: 60/60 MP: 6/6
     8 | D        | Reached XP level 7. HP: 64/64 MP: 7/7
     8 | D        | Reached XP level 8. HP: 71/71 MP: 8/8
     8 | D        | Reached XP level 9. HP: 76/76 MP: 9/9
     8 | D        | Reached XP level 10. HP: 81/81 MP: 10/10
     8 | D        | Reached XP level 11. HP: 86/86 MP: 11/11
     8 | D        | Reached XP level 12. HP: 92/92 MP: 12/12
     8 | D        | Noticed a bag of meat
     9 | D        | Noticed a bag of meat
     9 | D        | Killed a bag of meat
     9 | D        | Reached XP level 13. HP: 86/102 MP: 13/13
     9 | D        | Killed a bag of meat
     9 | D        | Gained mutation: Your large and strong wings let you fly
                  | indefinitely. [Gargoyle growth]
     9 | D        | Reached XP level 14. HP: 95/112 MP: 14/14
    10 | D        | Killed a meat berserker
    10 | D        | Reached XP level 15. HP: 104/122 MP: 15/15
    11 | D        | Killed a meat berserker
    11 | D        | Reached XP level 16. HP: 113/132 MP: 16/16
    11 | D        | Reached skill level 27 in Fighting
    13 | D        | Reached XP level 17. HP: 119/139 MP: 17/17
    13 | D        | Reached skill level 27 in Axes
    13 | D        | Noticed a meat berserker
    15 | D        | Noticed a meat berserker
    18 | D        | Reached skill level 27 in Dodging
    18 | D        | Reached XP level 18. HP: 126/145 MP: 18/18
    18 | D        | Noticed a meat berserker
    18 | D        | Noticed a meat berserker
    19 | D        | Killed a meat berserker
    19 | D        | Reached skill level 27 in Armour
    19 | D        | Noticed a destroyer
    20 | D        | Killed a meat berserker
    20 | D        | Reached XP level 19. HP: 132/151 MP: 19/19
    21 | D        | Killed a destroyer
    21 | D        | Reached skill level 27 in Stealth
    21 | D        | Reached XP level 20. HP: 137/157 MP: 19/44
    24 | D        | Noticed a destroyer
    24 | D        | Killed a meat berserker
    24 | D        | Reached skill level 27 in Spellcasting
    24 | D        | Reached skill level 10 in Throwing
    24 | D        | Reached XP level 21. HP: 143/163 MP: 19/52
    25 | D        | Killed a meat berserker
    26 | D        | Noticed a meat berserker
    27 | D        | Killed a destroyer
    27 | D        | Reached XP level 22. HP: 149/169 MP: 20/53
    28 | D        | Reached skill level 27 in Unarmed Combat
    32 | D        | Reached skill level 27 in Throwing
    34 | D        | Noticed a destroyer
    35 | D        | Noticed The Servant
    35 | D        | Noticed a destroyer
    36 | D        | Noticed a destroyer
    36 | D        | Reached XP level 23. HP: 158/175 MP: 23/54
    38 | D        | Killed a destroyer
    38 | D        | Reached skill level 27 in Maces & Flails
    38 | D        | Noticed a destroyer
    38 | D        | Noticed a destroyer
    40 | D        | Noticed a destroyer
    41 | D        | Killed a destroyer
    41 | D        | Reached XP level 24. HP: 93/181 MP: 24/54
    43 | D        | Killed a destroyer
    43 | D        | Reached XP level 25. HP: 96/187 MP: 25/54
    44 | D        | Killed a destroyer
    44 | D        | Killed a destroyer
    44 | D        | Reached XP level 26. HP: 100/193 MP: 25/54
    45 | D        | Annihilated by The Servant

Levels and vault maps discovered:
D:        meatsprint

Skill      XL: |  1  2  3  4  5  6  7  8  9 10 11 12 13 14 15 16 17 18 19 20 21 22 23 |
---------------+----------------------------------------------------------------------+-----
Fighting       | 17 20 22 24 26 27 | 27.0
Axes           | 15 17 18 21 23 26 27 | 27.0
Dodging        | 14 16 17 19 21 24 27 | 27.0
Armour         | 16 27 | 27.0
Stealth        | 23 27 | 27.0
Spellcasting   | 20 27 | 27.0
Throwing       | 13 22 27 | 27.0
Unarmed Combat | 14 24 27 | 27.0
Maces & Flails | 22 27 | 27.0

Action                   |  1- 3 |  4- 6 |  7- 9 | 10-12 | 13-15 | 16-18 | 19-21 | 22-24 | 25-27 || total
-------------------------+-------+-------+-------+-------+-------+-------+-------+-------+-------++-------
Melee: Executioner's axe |     1 |       |       |     1 |     2 |     6 |     6 |     7 |     2 ||    25
Armor: Robe              |       |       |       |       |       |       |       |       |     1 ||     1
